 Dungeon Crawl Stone Soup version 0.17.0-23-g0de4337 (webtiles) character file.

952 ventricule the Skirmisher (level 7, -16/54 HPs)
             Began as a High Elf Earth Elementalist on Nov 14, 2015.
             Was an Initiate of Ru.
             Demolished by Duvessa
             ... wielding a +0 short sword
              (18 damage)
             ... on level 5 of the Dungeon.
             The game lasted 00:39:27 (10016 turns).

ventricule the Skirmisher (HEEE)                   Turns: 10016, Time: 00:39:27

Health: -16/54     AC:  3    Str:  9      XL:     7   Next: 90%
Magic:  10/10      EV: 15    Int: 19      God:    Ru [......]
Gold:   320        SH:  0    Dex: 14 (16) Spells: 4 memorised, 1 level left

rFire  . . .     SeeInvis +     a - +3 quarterstaff (chaos)
rCold  . . .     Clarity  +     l - +0 robe
rNeg   . . .     SustAt   .     (shield currently unavailable)
rPois  +         Gourm    .     (helmet restricted)
rElec  .         Spirit   .     i - +0 cloak {MR+}
rCorr  .         Warding  .     (no gloves)
rMut   .         Stasis   .     (no boots)
MR     ++...                    (no amulet)
Stlth  ++........               x - ring of poison resistance
                                p - ring of see invisible

@: very slightly contaminated, hasted, very quick, very resistant to hostile
enchantments, unstealthy
A: horns 2, blurry vision 1, breathe flames 1, clarity, low mp 1, magic
resistance 1
a: Renounce Religion, Breathe Fire


You were on level 5 of the Dungeon.
You worshipped Ru.
Ru was noncommittal.
You were hungry.

You visited 1 branch of the dungeon, and saw 5 of its levels.

You collected 320 gold pieces.


Innate Abilities, Weirdness & Mutations

Your magical capacity is low (-10% MP).
You have a pair of horns on your head.
Scrolls take you a little longer to read.
You can breathe flames.
You possess an exceptional clarity of mind.
You are resistant to hostile enchantments.


   Skills:
 + Level 7.5 Fighting
 - Level 5.7 Dodging
 - Level 2.1 Stealth
 - Level 2.4 Spellcasting
 - Level 1.1 Transmutations
 - Level 2.4 Earth Magic


You had one spell level left.
You knew the following spells:

 Your Spells              Type           Power        Failure   Level  Hunger
a - Stoneskin             Trmt/Erth      #.......     14%         2    ##.....
x - Stone Arrow           Conj/Erth      #.....       34%         3    ###....
z - Sandblast             Erth           ##....       8%          1    #......
N - Passwall              Trmt/Erth      #.........   28%         3    ###....

Inventory:

Hand Weapons
 a - a +3 quarterstaff of chaos (weapon)
 k - a +0 dagger
 o - a +1 short sword
 y - a +0 blowgun
 z - a -1 blowgun
Missiles
 b - 121 stones (quivered)
 s - 12 poisoned needles
Armour
 i - a +0 cloak of magic resistance (worn)
 l - a +0 robe (worn)
 m - a +0 helmet
Jewellery
 p - a ring of see invisible (left hand)
 x - a ring of poison resistance (right hand)
Wands
 u - a wand of random effects (24)
Scrolls
 e - 2 scrolls of enchant weapon
 j - 2 scrolls of teleportation {@r4}
 t - a scroll of amnesia
 v - a scroll of magic mapping
 w - 3 scrolls of fear
Potions
 f - a potion of flight
 g - 2 potions of curing {@q1}
 h - a potion of agility
 q - a potion of might
 r - a potion of resistance
 A - a potion of ambrosia {!q}
Books
 c - a book of Geomancy

   Spells                             Type                      Level
   a - Sandblast                      Earth                        1
   b - Stoneskin                      Transmutation/Earth          2
   c - Passwall                       Transmutation/Earth          3
   d - Stone Arrow                    Conjuration/Earth            3
   e - Petrify                        Transmutation/Earth          4
   f - Lee's Rapid Deconstruction     Earth                        5
 C - a book of Alchemy

   Spells                             Type                      Level
   a - Sublimation of Blood           Necromancy                   2
   b - Ignite Poison                  Fire/Transmutation/Poison    3
   c - Alistair's Intoxication        Transmutation/Poison         4
   d - Condensation Shield            Ice                          4
   e - Petrify                        Transmutation/Earth          4
   f - Irradiate                      Conjuration/Transmutation    5
Comestibles
 d - 4 bread rations
 n - 3 meat rations

Dungeon Overview and Level Annotations

Branches:
Dungeon (5/15)             Temple (0/1) D:4

Altars:
Gozag
Okawaru
Qazlal
Ru
Vehumet
Zin

Shops:
D:5 %

Annotations:
D:4 exclusion: oklob sapling, Edmund
D:5 Duvessa

......▒ ......▒
......▒..(( ▒
......▒...5▒ ..
▒▒'▒▒▒▒...e▒▒▒▒▒▒▒ ...
...▒......(▒▒....▒ ....
...▒......(▒.....▒ .....
...▒.......▒.....▒......
...▒.......▒...ee'......
...▒..(....'.....▒......
▒▒.▒▒.▒▒▒▒(▒▒▒+▒▒▒......
▒▒.▒▒▒▒.................
......▒.................
......▒.................
......▒............... .
......▒...............
......▒...............


You could see Duvessa (berserk).


Message History

It is briefly surrounded by a scintillating aura of random colours.
a - a +3 quarterstaff of chaos (weapon)
You hit Duvessa but do no damage.
Space bends around Duvessa.
Duvessa is lightly wounded.
Duvessa closely misses you. Duvessa hits you with a short sword.
You barely miss Duvessa.
Duvessa is lightly wounded.
Duvessa hits you but does no damage. Duvessa barely misses you.
You closely miss Duvessa.
Duvessa is lightly wounded.
Duvessa hits you with a short sword. Duvessa misses you.
You hit Duvessa.
Duvessa is moderately wounded.
Duvessa hits you with a short sword! Duvessa barely misses you.
You hit Duvessa. You freeze Duvessa.
Duvessa is moderately wounded.
Duvessa hits you with a short sword!
* * * LOW HITPOINT WARNING * * *
Read which item? (? for menu, Esc to quit)
Really read with blurry vision while enemies are nearby? [Y]es or [N]o only, please.
Really read with blurry vision while enemies are nearby?
Okay, then.
Drink which item? (? for menu, Esc to quit)
You feel yourself speed up. Duvessa hits you but does no damage.
Duvessa hits you with a short sword!
* * * LOW HITPOINT WARNING * * *
You are very lightly contaminated with residual magic.
You open the door. Duvessa hits you with a short sword!!
You die...

Action                   |  1- 3 |  4- 6 |  7- 9 || total
-------------------------+-------+-------+-------++-------
Melee: Unarmed           |     8 |       |       ||     8
       Dagger            |    58 |       |       ||    58
       Short sword       |    36 |   135 |       ||   171
       Quarterstaff      |       |    83 |   140 ||   223
 Fire: Blowgun           |       |       |     9 ||     9
Throw: Throwing net      |       |     1 |     1 ||     2
 Cast: Sandblast         |    44 |    86 |     6 ||   136
       Stoneskin         |     7 |    20 |     6 ||    33
       Passwall          |       |     2 |       ||     2
Invok: Sacrifice Essence |       |     1 |       ||     1
  Use: Scroll            |     6 |    10 |     4 ||    20
       Potion            |       |     6 |     3 ||     9
 Stab: Sleeping          |     3 |     2 |     4 ||     9
       Distracted        |       |     1 |       ||     1
       Confused          |       |       |     1 ||     1
  Eat: Chunk             |     4 |     8 |     3 ||    15
       Meat ration       |       |     2 |     1 ||     3
       Fruit             |       |       |     2 ||     2

Vault maps used:
D:1:      scummos_arrival_hexagon
D:2:      nicolae_ru_the_path_less_chosen
D:3:      gammafunk_temple_overflow_claw, overflow_temple_1_default,
          first_bread, ecumenical_altar_2, grunt_gozag_breadcrumbs,
          uniq_crazy_yiuf_cottage
D:4:      minmay_temple_entry_oklob, enter_ossuary_4, hex_large,
          minmay_goblin_kobold_house, uniq_robin
D:5:      overflow_temple_1_default, serial_shops, shop_coins, uniq_duvessa,
          uniq_edmund

Notes
Turn   | Place    | Note
--------------------------------------------------------------
     0 | D:1      | ventricule the High Elf Earth Elementalist began the quest for the Orb.
     0 | D:1      | Reached XP level 1. HP: 11/11 MP: 4/4
   378 | D:1      | Reached skill level 3 in Dodging
   435 | D:1      | Reached XP level 2. HP: 17/17 MP: 6/6
   445 | D:1      | Learned a level 2 spell: Stoneskin
  1228 | D:2      | Reached skill level 4 in Dodging
  1228 | D:2      | Reached XP level 3. HP: 21/21 MP: 4/7
  1994 | D:2      | Reached XP level 4. HP: 24/27 MP: 5/8
  1998 | D:2      | HP: 2/27 [gnoll/mace (10)]
  2373 | D:2      | Found a sacrificial altar of Ru.
  2379 | D:2      | Reached skill level 5 in Dodging
  2540 | D:2      | Learned a level 3 spell: Passwall
  3022 | D:2      | Became a worshipper of Ru the Awakened
  3865 | D:3      | Reached XP level 5. HP: 31/31 MP: 2/9
  3937 | D:3      | Found an opulent altar of Gozag.
  4050 | D:3      | Reached skill level 1 in Fighting
  4138 | D:3      | Found a faded altar to an unknown god.
  4390 | D:3      | Noticed a sky beast
  4410 | D:3      | Found a sacrificial altar of Ru.
  4807 | D:3      | Noticed Crazy Yiuf
  5008 | D:3      | Killed a sky beast
  5008 | D:3      | Reached skill level 3 in Fighting
  5008 | D:3      | Reached XP level 6. HP: 39/42 MP: 1/10
  5474 | D:3      | Found a stormy altar of Qazlal.
  5474 | D:3      | Found a radiant altar of Vehumet.
  5474 | D:3      | Found a glowing silver altar of Zin.
  5754 | D:3      | Killed Crazy Yiuf
  5754 | D:3      | Reached skill level 4 in Fighting
  6317 | D:3      | Gained mutation: Scrolls take you a little longer to read. [potion of mutation]
  6317 | D:3      | Gained mutation: You can breathe flames. [potion of mutation]
  6317 | D:3      | Gained mutation: You have a pair of small horns on your head. [potion of mutation]
  6651 | D:4      | HP: 3/44 [orc priest/nerve-wracking pain (13)]
  6660 | D:4      | Noticed Robin
  6675 | D:4      | Gained mutation: Your magical capacity is low (-10% MP). [Ru sacrifice]
  6758 | D:4      | Killed Robin
  6758 | D:4      | Reached skill level 5 in Fighting
  6985 | D:4      | Found a staircase to the Ecumenical Temple.
  7032 | D:5      | Entered Level 5 of the Dungeon
  7032 | D:5      | Found Biruc's Food Shop.
  7032 | D:5      | Noticed Edmund
  7101 | D:4      | Reached XP level 7. HP: 44/50 MP: 10/10
  7770 | D:4      | Identified a potion of resistance
  8324 | D:5      | Reached skill level 6 in Fighting
  8606 | D:5      | Learned a level 3 spell: Stone Arrow
  8607 | D:5      | Found an iron altar of Okawaru.
  9022 | D:4      | HP: 5/53 [iguana (10)]
  9675 | D:5      | Gained mutation: You are resistant to hostile enchantments. [potion of mutation]
  9675 | D:5      | Gained mutation: You possess an exceptional clarity of mind. [potion of mutation]
  9675 | D:5      | Gained mutation: You have a pair of horns on your head. [potion of mutation]
  9805 | D:5      | Reached skill level 7 in Fighting
  9931 | D:5      | Noticed Dowan
  9951 | D:5      | Killed Dowan
 10002 | D:5      | Noticed Duvessa
 10013 | D:5      | HP: 2/54 [Duvessa/short sword (15)]
 10016 | D:5      | Demolished by Duvessa

Vanquished Creatures
  A sky beast (D:3)
  Dowan (D:5)
  A quasit (D:5)
  Crazy Yiuf (D:3)
  A centaur skeleton (D:4)
  3 orc priests (D:4)
  3 worker ants
  An iguana (D:4)
  5 orc wizards
  Robin (D:4)
  9 adders
  14 gnolls
  2 shadow imps
  An ooze (D:2)
  An adder skeleton (D:4)
  4 worms
  4 giant geckos
  24 orcs
  2 ball pythons
  10 bats
  5 giant cockroaches
  7 hobgoblins
  8 kobolds
  2 quokkas (D:2)
  5 giant newts
  16 goblins
  15 jackals
  2 quokka zombies (D:4)
  9 rats
158 creatures vanquished.

Vanquished Creatures (others)
  A plant (D:2)
1 creature vanquished.

Grand Total: 159 creatures vanquished
